 Dungeon Crawl Stone Soup version 0.29-a0-234-g0dae59b3db (webtiles) character file.

Game seed: 9658576872946373753

26 jfcaron the Skirmisher (level 2, 0/24 HPs)
             Began as a Demonspawn Fighter on Mar 3, 2022.
             Slain by a gnoll
             ... wielding a +0 whip
              (4 damage)
             ... on level 2 of the Dungeon.
             The game lasted 00:00:42 (688 turns).

jfcaron the Skirmisher (Demonspawn Fighter)          Turns: 688, Time: 00:00:43

Health: 0/24       AC:  6    Str: 16    XL:     2   Next: 89%
Magic:  2/2        EV:  9    Int:  9    God:
Gold:   40         SH:  4    Dex: 12    Spells: 1/1 levels left

rFire   . . .      SeeInvis .   a - +0 war axe
rCold   . . .      Faith    .   c - +0 buckler
rNeg    . . .      Spirit   .   b - +0 scale mail
rPois   .          Reflect  .   (helmet restricted)
rElec   .          Harm     .   (no cloak)
rCorr   .          Rampage  .   (no gloves)
Will    .....                   (no boots)
Stlth   ..........              (no amulet)
HPRegen 0.08/turn               e - +4 ring of evasion
MPRegen 0.08/turn               (no ring)

@: constricted
A: antennae 1
a: no special abilities


You were on level 2 of the Dungeon.
You visited 1 branch of the dungeon, and saw 2 of its levels.

You collected 40 gold pieces.

Inventory:

Hand Weapons
 a - a +0 war axe (weapon)
Missiles
 f - 33 stones
Armour
 b - a +0 scale mail (worn)
 c - a +0 buckler (worn)
Jewellery
 e - a +4 ring of evasion (left hand)
Scrolls
 g - a scroll of magic mapping {unknown}
Potions
 d - a potion of might


   Skills:
 + Level 3.3 Fighting
 + Level 2.2 Axes
 + Level 3.0 Armour
 + Level 3.0 Shields


You had one spell level left.
You didn't know any spells.
Your spell library was empty.

Dungeon Overview and Level Annotations

Branches:
Dungeon (2/15)

Altars:


Innate Abilities, Weirdness & Mutations

You have a pair of small antennae on your head.


Message History

The goblin closely misses you.
You slash the goblin!
You kill the goblin!
No target in view!
You see here a +0 dagger.
You see here a +0 flail.
There is a stone staircase leading down here.
There is a faded altar of an unknown god here.
Things that are here:
a quokka skeleton; a ball python skeleton Done exploring.
(D) Dungeon
Where to? (? - help)
Things that are here:
a quokka skeleton; a ball python skeleton
There is a faded altar of an unknown god here.
There is a stone staircase leading down here.
You climb downwards.
You block the ball python's attack. The ball python completely misses you.
The gnoll hits you with a +0 flail. The ball python bites you.
The ball python misses you. The gnoll hits you with a +0 flail.
There is a stone staircase leading up here.
The ball python bites you but does no damage.
The ball python grabs you.
You stop ascending the stairs.
The ball python constricts you.
The ball python bites you but does no damage.
The gnoll hits you with a +0 whip. You block the ball python's attack.
The ball python constricts you. The gnoll hits you with a +0 flail.
You escape the ball python's grasp.
The ball python closely misses you. The ball python grabs you.
You stop ascending the stairs.
The ball python constricts you. The gnoll hits you with a +0 whip.
* * * LOW HITPOINT WARNING * * *
The ball python bites you but does no damage.
The ball python constricts you. The gnoll hits you with a +0 flail.
* * * LOW HITPOINT WARNING * * *
Unknown command.
You barely miss the gnoll.
You hit the ball python. x2; You hit the gnoll.
You block the ball python's attack. The gnoll hits you with a +0 whip.
You die...

###########.
#..........# #
#..........# .#
#..........#..#
#.............#
#...?.....(.#
#.(....S$...#
#......@....#
#.....Sgg...#
#...........#
#............#
####.........+
#.........#
..........#
...........#
...........


You could see 2 gnolls and 2 ball pythons.

Vanquished Creatures
  A gnoll (D:1)
  A bat (D:1)
  An endoplasm (D:1)
  A giant cockroach (D:1)
  2 goblins (D:1)
  3 hobgoblins (D:1)
  2 quokkas (D:1)
  A ball python (D:1)
  A frilled lizard (D:1)
  2 kobolds
15 creatures vanquished.

Notes
Turn   | Place    | Note
-------+----------+-------------------------------------------
     0 | D:1      | jfcaron the Demonspawn Fighter began the quest for the Orb.
     0 | D:1      | Reached XP level 1. HP: 18/18 MP: 1/1
   140 | D:1      | Found a faded altar of an unknown god.
   158 | D:1      | You fall into a shaft and drop 1 floor!
   177 | D:1      | Gained mutation: You have a pair of small antennae on your
                  | head. [demonic ancestry]
   177 | D:1      | Reached XP level 2. HP: 9/24 MP: 2/2
   687 | D:2      | HP: 4/24 [gnoll/+0 flail (2)]
   688 | D:2      | Slain by a gnoll

Illustrated notes

Levels and vault maps discovered:
D:1:      minmay_arrival_open_corners, layout_rooms,
          shapermc_ecumenical_altar_mp_highgroup
D:2:      layout_basic

Skill      XL: |  1  2 |
---------------+-------+-----
Axes           | 2 |  2.2
Shields        | 3 |  3.0
Armour         | 3 |  3.0
Fighting       | |  3.3

Action                   || total
-------------------------++-------
Melee: War axe           ||    38
Throw: Stone             ||     2
Armor: Scale mail        ||    18
Dodge: Dodged            ||    33
Block: Buckler           ||    18

Table legend: (Time is in decaauts)
 A = Elapsed time spent in this place.
 B = Non-inter-level travel time spent in this place.
 C = Inter-level travel time spent in this place.
 D = Time resting spent in this place.
 E = Time spent auto-exploring this place.
 F = Levels seen in this place.
 G = Mean time per level.
                   A        B        C        D        E       F      G
               +--------+--------+--------+--------+--------+-----+--------+
         Total |    705 |    689 |     16 |    184 |    405 |   2 |  352.5 |
       Dungeon |    705 |    689 |     16 |    184 |    405 |   2 |  352.5 |
               +--------+--------+--------+--------+--------+-----+--------+

Top non-repeatable levels by time:
     D:1: 690 daAuts
     D:2: 14 daAuts
